 Dungeon Crawl Stone Soup version 0.31-a0-117-g42d8f58691 (webtiles) character file.

Game seed: 9575067610811705452

79 holysushi the Shooter (level 4, 0/57 HPs)
             Began as a Meteoran Hunter on May 31, 2023.
             Succumbed to a kobold's poison
             ... in a sewer.
             The game lasted 00:03:13 (718 turns).

holysushi the Shooter (Meteoran Hunter)              Turns: 718, Time: 00:03:13

Health: 0/57       AC: 22    Str: 12    XL:     4   Next: 96%
Magic:  5/5        EV:  2    Int: 11    God:
Gold:   92         SH:  0    Dex: 19    Spells: 3/3 levels left

rFire   . . .        a - +0 shortbow
rCold   + . .        (shield currently unavailable)
rNeg    . . .        c - melded +1 leather armour
rPois   +            (helmet currently unavailable)
rElec   .            (cloak currently unavailable)
rCorr   .            (gloves currently unavailable)
SInv    .            d - melded +0 pair of boots
Will    .....        (no amulet)
Stlth   +            f - ring of protection from cold
HPRegen 0.29/turn    (no ring)
MPRegen 0.09/turn

%: no passive effects
@: lethally poisoned (0 -> -5), tree-form (expiring), glowing
A: stationary, stasis, torment immunity, boosted hp, sense surroundings 1,
otherworldly, glowing, explore regen
a: no special abilities


You were in a sewer.
You were a tree.
You visited 1 branch of the dungeon, and saw 4 of its levels.
You also visited: Sewer.

You collected 92 gold pieces.

Inventory:

Hand Weapons
 a - a +0 shortbow (weapon)
Armour
 c - a +1 leather armour (melded)
 d - a +0 pair of boots (melded)
Jewellery
 f - a ring of protection from cold (left branch)
Scrolls
 b - a scroll of immolation
 h - a scroll of teleportation


   Skills:
 - Level 3.0 Fighting
 + Level 5.9 Ranged Weapons
 - Level 2.4 Dodging
 - Level 0.6 Stealth


You had 3 spell levels left.
You didn't know any spells.
Your spell library contained the following spells:

 Spells                   Type           Power      Damage    Failure   Level
 Shock                    Conj/Air       0%         1d3       34%         1
 Frozen Ramparts          Ice            0%         1d1       71%         3
 Ozocubu's Armour         Ice            0%         N/A       71%         3
 Swiftness                Air            0%         N/A       71%         3
 Airstrike                Air            0%         2d(0-16)  98%         4
 Ice Form                 Ice/Tmut       0%         N/A       98%         4
 Summon Ice Beast         Ice/Summ       0%         N/A       98%         4
 Ozocubu's Refrigeration  Ice            0%         4d7       100%        7


Dungeon Overview and Level Annotations

Branches:
Dungeon (4/15) Zot: 1676    Sewer (1/1) Zot: 580
 Temple: D:4-7

Altars:

Annotations:
D:3 1 exclusion


Innate Abilities, Weirdness & Mutations

You are a tree.
Your roots penetrate the ground, keeping you stationary.
You cannot be teleported.
You are immune to unholy pain and torment.
Your maximum health is greatly increased.
Your equipment is partially melded.
You passively map a small area around you.
You are easily found by Zot.
You glow in the dark.
You regain HP and MP as you explore.


Message History

* * * LOW HITPOINT WARNING * * *
You feel extremely sick.
The kobold hits you with a +4 short sword of venom.
* * * LOW HITPOINT WARNING * * *
The kobold hits you but does no damage.
It was a potion of heal wounds.
You feel much better.
You feel very sick.
The kobold hits you but does no damage. x2
You shoot an arrow. The arrow closely misses the kobold.
You feel very sick. The kobold hits you but does no damage.
You are lethally poisoned!
The kobold hits you but does no damage.
You shoot an arrow. The arrow hits the kobold.
You kill the kobold!
* * * LOW HITPOINT WARNING * * *
You feel very sick. The kobold hits you but does no damage.
You cannot move.
You shoot an arrow. The arrow closely misses the kobold.
* * * LOW HITPOINT WARNING * * *
You feel very sick. The kobold hits you but does no damage.
You shoot an arrow. The arrow closely misses the kobold.
* * * LOW HITPOINT WARNING * * *
You feel very sick.
The kobold hits you with a +0 short sword.
* * * LOW HITPOINT WARNING * * *
You shoot an arrow. The arrow hits the kobold!
You kill the kobold!
* * * LOW HITPOINT WARNING * * *
You feel very sick.
You cannot move.
You aren't carrying any potions.
Unknown command.
Okay, then.
* * * LOW HITPOINT WARNING * * *
You feel sick.
Your transformation is almost over.
You die...

~ * , , *
#####* ~
##...## ~ #
#..)..#.≈≈#
#.∩♣)...~≈#
#.....#.~≈#
##...## #
##### *


There were no monsters in sight!

Vanquished Creatures
  An orc wizard (D:3)
  2 adders (D:2)
  A dart slug (D:2)
  3 orcs (D:2)
  2 ball pythons
  4 endoplasms
  2 giant cockroaches
  A goblin (D:2)
  4 hobgoblins
  A quokka (D:2)
  4 bats
  A frilled lizard (D:2)
  3 kobolds
  3 rats
32 creatures vanquished.

Notes
Turn   | Place    | Note
-------+----------+-------------------------------------------
     0 | D:1      | holysushi the Meteoran Hunter began the quest for the Orb.
     0 | D:1      | Reached XP level 1. HP: 17/17 MP: 2/2
   159 | D:1      | Reached XP level 2. HP: 15/24 MP: 3/3
   283 | D:2      | Reached skill level 5 in Ranged Weapons
   283 | D:2      | Reached XP level 3. HP: 26/29 MP: 4/4
   507 | D:2      | Reached XP level 4. HP: 25/37 MP: 5/5
   696 | D:3      | Found a glowing drain.
   700 | Sewer    | Entered a sewer
   716 | Sewer    | HP: 2/57 [poisoned by a kobold]
   718 | Sewer    | Succumbed to a kobold's poison

Illustrated notes

Levels and vault maps discovered:
D:1:      scummos_arrival_simple_crosswalls, layout_loops_ring
D:2:      layout_basic, minmay_quadrilaterals
D:3:      layout_basic, gup_sewer_entry_bowl, hangedman_decor_push
D:4:      layout_basic, minmay_temple_entry_water_ring
Sewer:    kennysheep_sewer_church

Skill      XL: |  1  2  3  4 |
---------------+-------------+-----
Ranged Weapons | 5 |  5.9
Fighting       | 3 |  3.0
Dodging        | |  2.4
Stealth        | |  0.6

Action                     |  1- 3 |  4- 6 || total
---------------------------+-------+-------++-------
   Fire: Shortbow          |    67 |    43 ||   110
    Use: Scroll            |     2 |     2 ||     4
         Potion            |       |     2 ||     2
 Armour: Leather armour    |    29 |    20 ||    49
         Skin              |       |     8 ||     8
  Dodge: Dodged            |    39 |    11 ||    50

Table legend: (Time is in decaauts)
 A = Elapsed time spent in this place.
 B = Non-inter-level travel time spent in this place.
 C = Inter-level travel time spent in this place.
 D = Time resting spent in this place.
 E = Time spent auto-exploring this place.
 F = Levels seen in this place.
 G = Mean time per level.
                   A        B        C        D        E       F      G
               +--------+--------+--------+--------+--------+-----+--------+
         Total |    743 |    729 |     14 |      0 |      0 |   5 |  148.6 |
       Dungeon |    723 |    709 |     14 |      0 |      0 |   4 |  180.8 |
         Sewer |     19 |     19 |      0 |      0 |      0 |   1 |   19.0 |
               +--------+--------+--------+--------+--------+-----+--------+

Top non-repeatable levels by time:
     D:2: 327 daAuts
     D:1: 223 daAuts
     D:3: 171 daAuts
   Sewer: 19 daAuts
     D:4: 1 daAuts
